 Dungeon Crawl Stone Soup version 0.29.1-13-g9f3cf754e1 (webtiles) character file.

Game seed: 8388750517183028154

208 MajorAdolf the Trooper (level 5, -3/50 HPs)
             Began as a Naga Wanderer on Jan 29, 2023.
             Slain by Pikel
             ... wielding a +0 whip of flaming
              (4 damage)
             ... on level 3 of the Dungeon.
             The game lasted 00:05:22 (5208 turns).

MajorAdolf the Trooper (Naga Wanderer)              Turns: 5208, Time: 00:05:24

Health: -3/50      AC:  2    Str: 11    XL:     5   Next: 86%
Magic:  5/6        EV:  9    Int: 19    God:
Gold:   199        SH:  0    Dex:  9    Spells: 5/6 levels left

rFire   . . .      SeeInvis +   q - +4 flail (protect)
rCold   . . .      Faith    .   (no shield)
rNeg    . . .      Spirit   .   d - +0 robe
rPois   +          Reflect  .   (no helmet)
rElec   .          Harm     .   (no cloak)
rCorr   .          Rampage  .   (no gloves)
Will    .....                   (no barding)
Stlth   ++........              (no amulet)
HPRegen 0.16/turn               (no ring)
MPRegen 0.10/turn               (no ring)

@: short of breath, very slow
A: AC +1, large, see invisible, deformed body, poison resistance, slowness 2,
spit poison 1, naga tail 1
a: Spit Poison


You were on level 3 of the Dungeon.
You visited 1 branch of the dungeon, and saw 4 of its levels.

You collected 199 gold pieces.

Inventory:

Hand Weapons
 a - a +0 club
 h - a +0 short sword
 q - a +4 flail of protection (weapon)
Missiles
 i - 3 poisoned darts
Armour
 d - a +0 robe (worn)
 k - a +0 helmet
Magical Staves
 g - a staff of air
Wands
 m - a wand of flame (43)
Scrolls
 b - 2 scrolls of blinking
 f - 2 scrolls of butterflies {unknown}
 j - 3 scrolls of teleportation {unknown}
 n - a scroll of vulnerability {unknown}
 o - a scroll of amnesia {unknown}
 p - a scroll of identify {unknown}
Potions
 c - 2 potions of attraction
 e - a potion of heal wounds
 l - 2 potions of degeneration {unknown}


   Skills:
 + Level 4.0 Fighting
 - Level 1.1 Throwing
 - Level 1.6 Dodging
 + Level 2.3 Stealth
 - Level 3.0 Unarmed Combat
 - Level 1.1 Spellcasting
 - Level 2.1 Transmutations
 + Level 2.5 Poison Magic
 + Level 1.9 Evocations


You had 5 spell levels left.
You knew the following spells:

 Your Spells              Type           Power      Damage    Failure   Level
a - Sting                 Tmut/Pois      36%        1d4       7%          1

Your spell library contained the following spells:

 Spells                   Type           Power      Damage    Failure   Level
 Ignite Poison            Fire/Tmut/Pois 6%         N/A       30%         3
 Hailstorm                Conj/Ice       1%         3d3       88%         4
 Iron Shot                Conj/Erth      0%         9d1       100%        6
 Malign Gateway           Summ/Tloc      0%         N/A       100%        7
 Ozocubu's Refrigeration  Ice            0%         4d7       100%        7
 Summon Horrible Things   Summ           0%         N/A       100%        8


Dungeon Overview and Level Annotations

Branches:
Dungeon (4/15)
 Temple: D:4-7

Altars:
Dithmenos
Yredelemnul

Annotations:
D:3 exclusion: downstairs, Pikel


Innate Abilities, Weirdness & Mutations

Your serpentine skin is tough. (AC +1)
You have supernaturally acute eyesight. (SInv)
Armour fits poorly on your strangely shaped body.
Your system is resistant to poisons. (rPois)
You cover ground very slowly.
You can spit poison.
You have a snake-like lower body.


Message History

Pikel is moderately wounded.
Pikel barely misses you.
You closely miss Pikel.
Pikel is heavily wounded.
Pikel closely misses you.
Pikel hits you with a +0 whip of flaming.
Pikel burns you.
Aiming: Spit Poison (1% risk of failure)
Press: ? - help, Shift-Dir - straight line, f/p - Pikel
Aim: Pikel, wielding a +0 whip of flaming and wearing a +0 robe (heavily wounded, poisoned, 50% to hit)
The splash of poison hits Pikel!
Pikel looks even sicker.
Pikel is severely wounded.
Pikel hits you with a +0 whip of flaming.
* * * LOW HITPOINT WARNING * * *
Pikel burns you.
* * * LOW HITPOINT WARNING * * *
You sock Pikel!
Your weapon exudes an aura of protection.
Pikel is almost dead.
Pikel hits you but does no damage.
Casting: Sting (safe; 7% risk of failure)
Confirm with . or Enter, or press ? or * to list all spells.
Aiming: Sting (safe; 7% risk of failure)
Press: ? - help, Shift-Dir - straight line, f/p - Pikel
Aim: Pikel, wielding a +0 whip of flaming and wearing a +0 robe (almost dead, very poisoned, 60% to hit)
The sting hits Pikel but does no damage.
Pikel looks even sicker.
Pikel is almost dead.
Pikel hits you with a +0 whip of flaming.
* * * LOW HITPOINT WARNING * * *
Pikel burns you.
* * * LOW HITPOINT WARNING * * *
Unknown command.
Pikel attacks as you move away!
Pikel hits you with a +0 whip of flaming.
* * * LOW HITPOINT WARNING * * *
Pikel burns you.
* * * LOW HITPOINT WARNING * * *
Pikel hits you with a +0 whip of flaming.
You die...

############## #............#
####.##########.############
##.##.##########............#
##.#..................######.####
#.###..#######..#.###.######....#
.## ##.......#..@K).............#
## ##........##.###............
.## ##.....................#.#..§
#.###..#####.####.###..~~~.#.#..≈
...#.÷............# #..~_~.#.#...
###.#.#####...###.# #..~~~.#.#..≈
#.#.### #.).# #.###......#.#..≈
#.#...# #...# #............#..≈
#.###.# ###.###########.####..≈


You could see Pikel (very poisoned).

Vanquished Creatures
  Edmund (D:4)
  A lemure (D:3)
  3 gnolls
  An adder (D:2)
  2 worms
  2 dart slugs (D:2)
  5 bats
  5 endoplasms
  3 giant cockroaches
  4 goblins
  2 hobgoblins
  5 kobolds
  2 quokkas
  7 ball pythons
  4 frilled lizards (D:1)
  6 rats
53 creatures vanquished.

Vanquished Creatures (others)
  5 plants (D:2)
5 creatures vanquished.

Grand Total: 58 creatures vanquished

Notes
Turn   | Place    | Note
-------+----------+-------------------------------------------
     0 | D:1      | MajorAdolf the Naga Wanderer began the quest for the Orb.
     0 | D:1      | MajorAdolf set off with the following items: a +0 club, a
                  | scroll of blinking, a potion of attraction, a +0 robe, 2
                  | potions of heal wounds; and the following spell memorised:
                  | Sting; and the following spells available to memorise:
                  | Ignite Poison.
     0 | D:1      | Reached XP level 1. HP: 18/18 MP: 2/2
   275 | D:1      | Reached XP level 2. HP: 25/25 MP: 3/3
   428 | D:1      | Reached skill level 2 in Fighting
  1241 | D:1      | Reached XP level 3. HP: 26/33 MP: 4/4
  1907 | D:2      | Reached skill level 3 in Fighting
  2590 | D:2      | Got Sif Muna's Enchiridion on Congelation and Silt
  2889 | D:3      | Found a faded altar of an unknown god.
  2898 | D:3      | Reached XP level 4. HP: 41/42 MP: 1/5
  2959 | D:3      | Found a basalt altar of Yredelemnul.
  3535 | D:4      | Noticed Pikel
  3535 | D:4      | Noticed a lemure
  3535 | D:4      | Noticed a lemure
  3535 | D:4      | Noticed a lemure
  3535 | D:4      | Noticed a lemure
  3548 | D:3      | Killed a lemure
  3801 | D:4      | Found a shadowy altar of Dithmenos.
  4030 | D:3      | Reached skill level 1 in Poison Magic
  4619 | D:4      | Reached skill level 1 in Evocations
  4882 | D:4      | Noticed Edmund
  4902 | D:4      | HP: 2/42 [frozen (4)]
  4909 | D:4      | HP: 1/42 [Edmund/puff of flame (7)]
  4912 | D:4      | Killed Edmund
  4913 | D:4      | Reached skill level 4 in Fighting
  4913 | D:4      | Reached XP level 5. HP: 6/50 MP: 3/6
  5208 | D:3      | HP: 1/50 [Pikel/+0 whip of flaming (2)]
  5208 | D:3      | Slain by Pikel

Illustrated notes

Levels and vault maps discovered:
D:1:      dpeg_arrival_simpleton_a, layout_rooms, roderic_malta_cross
D:2:      layout_basic, guppyfry_early_lair_pool
D:3:      layout_loops_ring, mainiacjoe_overflow_cross_hatched,
          hellmonk_ecumenical_altar_pennies_from_heaven,
          chequers_decorated_corner, kennysheep_cluttered_room
D:4:      layout_basic, grunt_dithmenos_smoke, nicolae_take_the_stairs,
          minmay_statues_item, uniq_pikel, uniq_edmund

Skill      XL: |  1  2  3  4 |
---------------+-------------+-----
Fighting       | 2 3 4 |  4.0
Poison Magic   | 2 |  2.5
Evocations     | 1 |  1.9
Stealth        | 2 |  2.3
Throwing       | |  1.1
Dodging        | |  1.6
Unarmed Combat | |  3.0
Spellcasting   | |  1.1
Transmutations | |  2.1

Action                   |  1- 3 |  4- 6 || total
-------------------------+-------+-------++-------
Melee: Short sword       |    98 |    17 ||   115
       Club              |     3 |       ||     3
       Punch             |     3 |       ||     3
       Flail             |       |    14 ||    14
 Cast: Sting             |    37 |    20 ||    57
 Abil: Spit Poison       |    12 |    16 ||    28
  Use: Potion            |     2 |     2 ||     4
 Stab: Sleeping          |     1 |       ||     1
Armor: Robe              |    26 |     6 ||    32
Dodge: Dodged            |    82 |    38 ||   120
